 Dungeon Crawl Stone Soup version 0.27.0-1-g7a089689b8 (webtiles) character file.

Game seed: 10182723195906206317

1108 Gwenloh the Cudgeller (level 8, -5/79 HPs)
             Began as a Troll Berserker on Aug 7, 2021.
             Was a Believer of Trog.
             Slain by a hornet (11 damage)
             ... on level 7 of the Dungeon.
             The game lasted 00:09:49 (5090 turns).

Gwenloh the Cudgeller (Troll Berserker)             Turns: 5090, Time: 00:09:50

Health: -5/79      AC:  4    Str: 26    XL:     8   Next: 11%
Magic:  7/7        EV: 10    Int:  4    God:    Trog [**....]
Gold:   180        SH:  0    Dex: 10    Spells: 7/7 levels left

rFire    . . .     SeeInvis .   c - +0 morningstar
rCold    . . .     Faith    .   (no shield)
rNeg     . . .     Spirit   .   b - +0 animal skin
rPois    .         Reflect  .   (helmet restricted)
rElec    .         Harm     .   (no cloak)
rCorr    .         Rampage  .   (gloves unavailable)
Will     .....                  (boots unavailable)
Stlth    +.........             (no amulet)
HPRegen  1.23/turn              (no ring)
MPRegen  0.10/turn              (no ring)

@: lethally poisoned (-5 -> -6), on berserk cooldown, slowed, very slow
A: large, unfitting armour, claws 3, regeneration 1, shaggy fur 1, tough skin 1
a: Renounce Religion, Berserk, Trog's Hand


You were on level 7 of the Dungeon.
You worshipped Trog.
Trog was pleased with you.
You visited 1 branch of the dungeon, and saw 7 of its levels.

You collected 224 gold pieces.
You spent 44 gold pieces at shops.

Inventory:

Hand Weapons
 a - a +0 mace
 c - a +0 morningstar (weapon)
Missiles
 i - 268 stones (quivered)
Armour
 b - a +0 animal skin (worn)
Jewellery
 g - a ring of fire
 k - a ring of protection from fire
 u - a ring of ice
Wands
 r - a wand of charming (8)
 s - a wand of flame (13)
Scrolls
 e - 2 scrolls of noise {unknown}
 m - a scroll of holy word
 p - a scroll of magic mapping {unknown}
 t - 2 scrolls of teleportation {unknown}
Potions
 d - a potion of brilliance {unknown}
 f - a potion of curing
 h - 2 potions of heal wounds
 j - a potion of lignification {unknown}
 l - a potion of magic {unknown}
 n - 2 potions of cancellation
 o - a potion of haste {unknown}
 q - a potion of ambrosia {unknown}
 v - a potion of attraction {unknown}


   Skills:
 + Level 4.4 Fighting
 * Level 6.0 Maces & Flails
 + Level 3.2 Throwing
 + Level 4.4 Dodging


You had 7 spell levels left.
You didn't know any spells.
Your spell library contained the following spells:

 Spells                   Type           Power      Damage    Failure   Level
 Animate Skeleton         Necr           0%         N/A       50%         1
 Pain                     Necr           0%         1d4       50%         1
 Sandblast                Erth           0%         2d4       50%         1
 Passwall                 Tmut/Erth      0%         N/A       65%         2
 Static Discharge         Conj/Air       0%         N/A       65%         2
 Vampiric Draining        Necr           0%         2d6       86%         3
 Dispel Undead            Necr           0%         3d6       99%         4
 Sticky Flame             Conj/Fire      0%         2d3       99%         4
 Lee's Rapid Deconstruct  Erth           0%         3d5*      100%        5


Dungeon Overview and Level Annotations

Branches:
Dungeon (7/15)             Temple (0/1) D:4

Altars:
Elyvilon
Hepliaklqana
Okawaru
The Shining One

Shops:
D:4 (?


Innate Abilities, Weirdness & Mutations

You are too large for most types of armour.
You have claws for hands.
Your natural rate of healing is unusually fast.
You are covered in fur. (AC +1)
You have tough skin. (AC +1)


Message History

You feel as though you will be slow longer.
The hornet stings you!
You shrug off the repeated paralysis!
You feel sick. The hornet stings you!
You feel as though you will be slow longer.
You can move again.
You puncture the hornet!
The hornet is moderately wounded.
You feel sick.
You are no longer poisoned.
The hornet barely misses you.
The hornet stings you but does no damage.
You miss the hornet.
The hornet is moderately wounded.
You feel the effects of Trog's Hand fading.
The hornet closely misses you. x2
You puncture the hornet!
The hornet is heavily wounded.
The hornet stings you!
You are poisoned.
You feel as though you will be slow longer.
You closely miss the hornet.
The hornet is heavily wounded.
You are no longer berserk.
You are exhausted.
You feel as though you will be slow longer.
You feel very sick. The hornet stings you.
* * * LOW HITPOINT WARNING * * *
You feel as though you will be slow longer.
The hornet stings you but does no damage.
You barely miss the hornet.
The hornet is heavily wounded.
Your skin stops crawling.
You feel less strong-willed.
You feel very sick.
The hornet stings you but does no damage.
The hornet stings you!
* * * LOW HITPOINT WARNING * * *
You feel as though you will be slow longer.
The hornet stings you!
You die...

.......................
#######.##############.
########.# #.
.........# #.
#.#####..# ## #..# #
#..# # #.)# # #@.# #
#oy..# # ...h#..# .
...#..#..# # .#... #..#
.... #..# #.## #..# .
.. ...# . #


You could see a hornet, a black bear and an orc.

Vanquished Creatures
  A black bear (D:6)
  A hornet zombie (D:6)
  An ice beast (D:5)
  2 gnoll sergeants
  3 scorpions
  A howler monkey (D:6)
  A bullfrog zombie (D:5)
  An orc priest (D:3)
  A hound (D:6)
  2 jellies
  Jessica (D:3)
  A hound skeleton (D:4)
  2 howler monkey zombies
  8 gnolls
  9 adders
  A white imp (D:6)
  An ufetubus (D:5)
  An adder skeleton (D:4)
  3 worms
  2 dart slugs (D:1)
  11 orcs
  3 endoplasms
  A giant cockroach (D:1)
  A goblin (D:3)
  12 hobgoblins
  8 jackals
  3 quokkas
  6 ball pythons
  5 bats
  4 frilled lizards
  11 kobolds
  2 rats (D:1)
110 creatures vanquished.

Vanquished Creatures (others)
  8 plants
8 creatures vanquished.

Grand Total: 118 creatures vanquished

Notes
Turn   | Place    | Note
-------+----------+-------------------------------------------
     0 | D:1      | Gwenloh the Troll Berserker began the quest for the Orb.
     0 | D:1      | Reached XP level 1. HP: 22/22 MP: 0/0
   158 | D:1      | Reached XP level 2. HP: 29/29 MP: 1/1
   393 | D:1      | Found a faded altar of an unknown god.
   534 | D:1      | Reached skill level 3 in Maces & Flails
   916 | D:2      | Reached XP level 3. HP: 36/36 MP: 2/2
   980 | D:2      | Reached ** piety under Trog
  1512 | D:2      | Reached XP level 4. HP: 35/45 MP: 3/3
  1973 | D:3      | Found a glowing golden altar of the Shining One.
  2004 | D:3      | Noticed Jessica
  2012 | D:3      | Reached XP level 5. HP: 53/53 MP: 4/4
  2015 | D:3      | Killed Jessica
  2016 | D:3      | Reached skill level 1 in Throwing
  2516 | D:4      | Reached skill level 4 in Maces & Flails
  2646 | D:4      | Found an iron altar of Okawaru.
  2783 | D:4      | Reached XP level 6. HP: 38/61 MP: 5/5
  2910 | D:4      | Found Usaudak's Weapon Shoppe.
  2997 | D:4      | Found Iluac's Magic Scroll Shoppe.
  3000 | D:4      | Bought a scroll of identify for 22 gold pieces
  3000 | D:4      | Bought a scroll of identify for 22 gold pieces
  3047 | D:4      | Found a staircase to the Ecumenical Temple.
  3186 | D:5      | Entered Level 5 of the Dungeon
  3248 | D:5      | Found a white marble altar of Elyvilon.
  3270 | D:5      | Noticed an ice beast
  3320 | D:5      | Killed an ice beast
  3380 | D:5      | Reached XP level 7. HP: 65/68 MP: 6/6
  3434 | D:5      | Found a hazy altar of Hepliaklqana.
  3453 | D:5      | Reached skill level 5 in Maces & Flails
  4629 | D:6      | Reached XP level 8. HP: 56/79 MP: 7/7
  4915 | D:7      | Reached skill level 6 in Maces & Flails
  5076 | D:7      | Noticed a hornet
  5079 | D:7      | Paralysed by a hornet for 1 turns
  5083 | D:7      | Paralysed by a hornet for 3 turns
  5090 | D:7      | Slain by a hornet

Illustrated notes

Levels and vault maps discovered:
D:1:      lightli_arrival_isolated_outpost, layout_basic,
          basic_ecumenical_altar, minmay_misc_feat_encased, serial_bayou_ford_a,
          minmay_door_square
D:2:      layout_basic
D:3:      layout_basic, tso_oasis_becter, kennysheep_cross_bottleneck,
          uniq_jessica
D:4:      layout_gridville, nicolae_overflow_crystal_walls,
          minmay_temple_entry_poolview, serial_shops, nicolae_stop_n_shop_1,
          kennysheep_mini
D:5:      layout_layer_cave, nicolae_hepliaklqana_hazy_memory,
          mainiacjoe_overflow_24_doors, st_stairs_11
D:6:      layout_basic
D:7:      minmay_the_grid_plus [minmay_the_grid_square_x,
          minmay_the_grid_pillar_ring, minmay_the_grid_minigrid_large,
          minmay_the_grid_broken_lines, minmay_the_grid_prize_inner_circle],
          layout_basic, item_on_display_a

Skill      XL: |  1  2  3  4  5  6  7  8 |
---------------+-------------------------+-----
Maces & Flails | 3 4 5 6 |  6.0
Fighting       | 3 4 |  4.4
Dodging        | 3 4 |  4.4
Throwing       | 1 2 3 |  3.2

Action                   |  1- 3 |  4- 6 |  7- 9 || total
-------------------------+-------+-------+-------++-------
Melee: Mace              |   144 |   160 |    94 ||   398
       Morningstar       |       |       |    31 ||    31
Throw: Stone             |       |       |     7 ||     7
Invok: Berserk           |       |     3 |     4 ||     7
       Trog's Hand       |       |     2 |     3 ||     5
  Use: Scroll            |       |     6 |       ||     6
 Stab: Sleeping          |     1 |       |       ||     1
Armor: Animal skin       |    50 |    55 |    25 ||   130
Dodge: Dodged            |    71 |    79 |    94 ||   244
